 Dungeon Crawl Stone Soup version 0.28.0-53-g5a82cb258f (webtiles) character file.

Game seed: 3450439121779487180

72 SolCadguy the Chiller (level 4, -2/36 HPs)
             Began as a Naga Ice Elementalist on Aug 17, 2022.
             Slain by a water moccasin skeleton (6 damage)
             ... on level 3 of the Dungeon.
             The game lasted 00:09:25 (2546 turns).

SolCadguy the Chiller (Naga Ice Elementalist)       Turns: 2546, Time: 00:09:25

Health: -2/36      AC:  8    Str:  9 (10) XL:     4   Next: 25%
Magic:  6/7        EV:  9    Int: 14 (17) God:
Gold:   146        SH:  0    Dex: 10 (12) Spells: 1/8 levels left

rFire   . . .      SeeInvis +   c - +0 dagger
rCold   . . .      Faith    .   (no shield)
rNeg    . . .      Spirit   .   a - +0 robe
rPois   +          Reflect  .   (no helmet)
rElec   .          Harm     .   j - scarf {repulsion}
rCorr   .          Rampage  .   (no gloves)
Will    .....                   (no barding)
Stlth   ++........              (no amulet)
HPRegen 0.12/turn               (no ring)
MPRegen 0.10/turn               (no ring)

@: ice-armoured, flying, repel missiles, very slow
A: AC +1, large, see invisible, deformed body, poison resistance, slowness 2,
spit poison 1, naga tail 1
a: Spit Poison


You were on level 3 of the Dungeon.
You visited 1 branch of the dungeon, and saw 3 of its levels.

You collected 146 gold pieces.

Inventory:

Hand Weapons
 c - a +0 dagger (weapon)
 d - a +0 whip
 g - a +0 whip
 l - a +0 spear
Missiles
 e - 39 stones (quivered)
 k - a poisoned dart
Armour
 a - a +0 robe (worn)
 j - a scarf of repulsion (worn)
Scrolls
 b - 2 scrolls of identify {unknown}
 f - a scroll of noise {unknown}
 i - a scroll of magic mapping
 m - a scroll of teleportation {unknown}


   Skills:
 - Level 1.5 Dodging
 - Level 3.0 Stealth
 + Level 2.6 Spellcasting
 + Level 5.3 Ice Magic


You had one spell level left.
You knew the following spells:

 Your Spells              Type           Power      Damage    Failure   Level
a - Freeze                Ice            64%        1d8       2%          1
b - Frozen Ramparts       Ice            32%        1d5       8%          3
c - Ozocubu's Armour      Ice            16%        N/A       8%          3

Your spell library contained the following spells:

 Spells                   Type           Power      Damage    Failure   Level
 Magic Dart               Conj           4%         1d3       22%         1
 Searing Ray              Conj           2%         2d4       34%         2
 Hailstorm                Conj/Ice       9%         3d4       58%         4
 Fulminant Prism          Conj/Hex       0%         3d6       92%         4


Dungeon Overview and Level Annotations

Branches:
Dungeon (3/15)

Altars:


Innate Abilities, Weirdness & Mutations

Your serpentine skin is tough. (AC +1)
You have supernaturally acute eyesight. (SInv)
Armour fits poorly on your strangely shaped body.
Your system is resistant to poisons. (rPois)
You cover ground very slowly.
You can spit poison.
You have a snake-like lower body.


Message History

You hit the water moccasin skeleton.
The water moccasin skeleton is heavily damaged.
The water moccasin skeleton bites you.
* * * LOW HITPOINT WARNING * * *
You hit the water moccasin skeleton but do no damage.
The water moccasin skeleton is heavily damaged.
The water moccasin skeleton bites you but does no damage.
You hit the water moccasin skeleton.
The water moccasin skeleton is heavily damaged.
The water moccasin skeleton bites you but does no damage.
Okay, then.
Okay, then.
You hit the water moccasin skeleton.
The water moccasin skeleton is heavily damaged.
The water moccasin skeleton closely misses you.
The water moccasin skeleton bites you.
* * * LOW HITPOINT WARNING * * *
Okay, then.
It was a potion of degeneration.
There was something very wrong with that liquid.
You feel weakened.
You feel dopey.
You feel clumsy.
The water moccasin skeleton bites you but does no damage.
It was a potion of flight.
You feel very buoyant.
You fly up into the air.
The water moccasin skeleton bites you but does no damage.
As you read the scroll labelled CUNERCH ICERCH, it crumbles to dust.
You feel aware of your surroundings.
You sensed 2 altars.
It was a scroll of magic mapping.
The water moccasin skeleton bites you but does no damage.
You hit the water moccasin skeleton but do no damage.
The water moccasin skeleton is heavily damaged.
The water moccasin skeleton bites you.
* * * LOW HITPOINT WARNING * * *
You hit the water moccasin skeleton.
The water moccasin skeleton is heavily damaged.
The water moccasin skeleton bites you.
* * * LOW HITPOINT WARNING * * *
The water moccasin skeleton bites you.
You die...

,**,,,,,,,,,,,,*
,⌠*,,,,........#
,**,,,,........#
**,,,,,........#
*,,,,,,........#
,,,,,,,........#
,,,,,,,........#
,,,,,,,........######
,,,,,,,........Z@...#
,,,,,,,.......#####.#*******
,,,,,,,.......#<#...#*,,,,,*
,,,,,,,>......#.###.#*,***,*
,,,,,,,.#.....#...#.##)# *,*
,,,,,,,,#..............# *,*
,,,,,,,,+......######### *,*
,,,,,,,,#......,,,,,,*****,*
********#......,,,,,,,,,,*,*


You could see a water moccasin skeleton.

Vanquished Creatures
  An adder (D:2)
  A worm (D:2)
  2 dart slugs (D:2)
  2 bats
  4 endoplasms
  4 giant cockroaches
  5 goblins
  6 hobgoblins
  3 jackals (D:1)
  6 kobolds
  3 quokkas
  4 ball pythons
  4 frilled lizards
  3 rats
48 creatures vanquished.

Notes
Turn   | Place    | Note
-------+----------+-------------------------------------------
     0 | D:1      | SolCadguy the Naga Ice Elementalist began the quest for the
                  | Orb.
     0 | D:1      | Reached XP level 1. HP: 15/15 MP: 3/3
   133 | D:1      | Reached XP level 2. HP: 22/22 MP: 3/5
   710 | D:1      | Reached XP level 3. HP: 28/28 MP: 4/6
   714 | D:1      | Learned a level 3 spell: Frozen Ramparts
   904 | D:1      | Reached skill level 5 in Ice Magic
  1830 | D:2      | Reached XP level 4. HP: 27/36 MP: 5/7
  1835 | D:2      | Learned a level 3 spell: Ozocubu's Armour
  2546 | D:3      | Slain by a water moccasin skeleton

Illustrated notes

Levels and vault maps discovered:
D:1:      saegor_arrival_miasma, layout_loops_ring
D:2:      layout_basic, hangedman_decor_points, corexii_item_surrounded_by_moat,
          hangedman_abyss_or_decor_stabs
D:3:      layout_basic, amethyst_overflow_temple_binary, serial_aquarium,
          aquarium_bridge_square [aquarium_subvault_bridge,
          aquarium_subvault_wall, aquarium_subvault_window,
          aquarium_subvault_window], aquarium_bridge_square
          [aquarium_subvault_window, aquarium_subvault_window,
          aquarium_subvault_window, aquarium_subvault_bridge],
          aquarium_window_3, aquarium_window_corner, aquarium_window_fake,
          aquarium_view_2b, aquarium_pool_five, corner_web_ring

Skill      XL: |  1  2  3 |
---------------+----------+-----
Ice Magic      | 5 |  5.3
Dodging        | |  1.5
Stealth        | |  3.0
Spellcasting   | |  2.6

Action                   |  1- 3 |  4- 6 || total
-------------------------+-------+-------++-------
Melee: Unarmed           |     1 |       ||     1
       Dagger            |    29 |    33 ||    62
Throw: Dart              |     5 |     2 ||     7
       Stone             |     4 |     6 ||    10
 Cast: Freeze            |    31 |     4 ||    35
       Frozen Ramparts   |     1 |       ||     1
       Ozocubu's Armour  |       |     1 ||     1
 Abil: Spit Poison       |    24 |     7 ||    31
  Use: Potion            |       |     2 ||     2
       Scroll            |       |     1 ||     1
 Stab: Sleeping          |     1 |       ||     1
Armor: Robe              |     6 |    10 ||    16
Dodge: Dodged            |    18 |    20 ||    38
